 Dungeon Crawl Stone Soup version 0.29.1-1-gd02db6906a (webtiles) character file.

Game seed: 7173541968046458239

338 MrElixer the Covered (level 6, -3/55 HPs)
             Began as a Minotaur Fighter on Sept 18, 2022.
             Slain by an ogre
             ... wielding a +0 giant spiked club
              (31 damage)
             ... on level 4 of the Dungeon.
             The game lasted 00:17:58 (4082 turns).

MrElixer the Covered (Minotaur Fighter)             Turns: 4082, Time: 00:17:59

Health: -3/55      AC: 10    Str: 18    XL:     6   Next: 29%
Magic:  5/5        EV:  7    Int:  5    God:
Gold:   254        SH:  6    Dex: 20    Spells: 5/5 levels left

rFire   . . .      SeeInvis .   q - +5 hand axe of Fedhas's Displeasure {vamp, Str-5 Dex+5}
rCold   + . .      Faith    .   c - +0 buckler
rNeg    . . .      Spirit   .   o - +1 chain mail
rPois   .          Reflect  .   (helmet restricted)
rElec   .          Harm     .   m - scarf {repulsion}
rCorr   .          Rampage  .   (no gloves)
Will    .....                   (no boots)
Stlth   ..........              (no amulet)
HPRegen 0.18/turn               k - +6 ring of dexterity
MPRegen 0.09/turn               w - ring of protection from cold

@: repel missiles
A: horns 2, retaliatory headbutt
a: no special abilities


You were on level 4 of the Dungeon.
You visited 1 branch of the dungeon, and saw 4 of its levels.

You collected 254 gold pieces.

Inventory:

Hand Weapons
 a - a +0 war axe
 f - a +0 dagger of venom
 q - the +5 hand axe of Fedhas's Displeasure (weapon) {vamp, Str-5 Dex+5}
   (You found it on level 3 of the Dungeon)

   It occasionally heals its wielder for a portion of the damage dealt when it
   wounds a living foe.
   Str:       It affects your strength (-5).
   Dex:       It affects your dexterity (+5).
 v - a +0 spear
Missiles
 e - 17 poisoned darts (quivered)
 y - a throwing net
Armour
 b - a +0 scale mail
 c - a +0 buckler (worn)
 h - a +0 buckler
 j - a +0 ring mail
 m - a scarf of repulsion (worn)
 n - a +0 buckler
 o - a +1 chain mail (worn)
 t - a +0 plate armour
 u - a +0 robe
 x - a +0 helmet
Jewellery
 k - a +6 ring of dexterity (left hand)
 w - a ring of protection from cold (right hand)
Scrolls
 g - a scroll of identify
 p - 3 scrolls of teleportation
 z - a scroll of blinking
 A - a scroll of amnesia {unknown}
Potions
 d - a potion of might
 i - a potion of lignification
 l - 3 potions of curing
 r - 3 potions of heal wounds
 s - a potion of resistance {unknown}


   Skills:
 + Level 4.8 Fighting
 + Level 5.1 Axes
 + Level 1.6 Throwing
 + Level 5.4 Armour
 + Level 0.7 Dodging
 + Level 0.2 Stealth
 + Level 4.2 Shields


You had 5 spell levels left.
You didn't know any spells.
Your spell library contained the following spells:

 Spells                   Type           Power      Damage    Failure   Level
 Ensorcelled Hibernation  Hex/Ice        0%         N/A       100%        2
 Static Discharge         Conj/Air       0%         3-3/arc   100%        2
 Spider Form              Tmut/Pois      0%         N/A       100%        3
 Anguish                  Hex/Necr       0%         N/A       100%        4
 Dispel Undead            Necr           0%         3d6       100%        4
 Sticky Flame             Conj/Fire      0%         2d3       100%        4


Dungeon Overview and Level Annotations

Branches:
Dungeon (4/15)             Temple (0/1) D:4

Altars:
Vehumet

Shops:
D:2 [


Innate Abilities, Weirdness & Mutations

You have a pair of horns on your head.
You reflexively headbutt those who attack you in melee.


Message History

A - a scroll labelled QUMIOH VIUZOED
There are no items here.
Found a stone staircase leading up.
Found a stone staircase leading down.
An iguana comes into view.
Found an escape hatch in the floor.
The iguana hisses angrily.
You hear a shout!
Found a dagger.
An ogre comes into view. It is wielding a +0 giant spiked club.
The ogre shouts!
You block the iguana's attack.
You hit the iguana. Your headbutt misses the iguana.
The iguana is lightly wounded.
The iguana barely misses you. You furiously retaliate!
You headbutt the iguana, but do no damage.
The iguana bites you.
You slash the iguana!
The iguana is heavily wounded.
The iguana barely misses you.
You hit the iguana but do no damage.
The iguana is heavily wounded.
The iguana bites you!
You completely miss the iguana.
The iguana is heavily wounded.
The iguana bites you but does no damage.
You hit the iguana.
You feel better.
You headbutt the iguana.
You kill the iguana!
You hit the ogre.
The ogre is lightly wounded.
You block the ogre's attack.
You hit the ogre.
The ogre is moderately wounded.
You hit the ogre.
You feel better.
Your headbutt misses the ogre.
The ogre is moderately wounded.
The ogre hits you with a +0 giant spiked club!!
You slash the ogre!
The ogre is severely wounded.
The ogre hits you with a +0 giant spiked club!!
Ouch! That really hurt!
You die...

## #... #.). .#. ##
#.>.. .. ..# .# .... ..
..# ... #... .##..## #.
###...### ..#...####.
#.....O.# #..#....#.. .
#@######....##....
....##.##.............#
#......>...###.#..##....
#....##.#### #.......#..
#... #.# #.......... #..
#.# #.......... #. #.#
###.#....#. # #..
####.....### #..
#.........# #


You could see an ogre.

Vanquished Creatures
  A sky beast (D:4)
  A necrophage (D:4)
  An iguana (D:4)
  5 adders
  4 gnolls (D:4)
  2 worms
  A dart slug (D:1)
  An orc (D:3)
  6 ball pythons
  A bat (D:1)
  7 endoplasms
  2 giant cockroaches (D:2)
  4 hobgoblins
  3 jackals (D:3)
  7 kobolds
  A quokka (D:3)
  3 frilled lizards
  10 goblins
  7 rats
67 creatures vanquished.

Notes
Turn   | Place    | Note
-------+----------+-------------------------------------------
     0 | D:1      | MrElixer the Minotaur Fighter began the quest for the Orb.
     0 | D:1      | Reached XP level 1. HP: 19/19 MP: 0/0
   345 | D:1      | Reached XP level 2. HP: 27/27 MP: 1/1
   384 | D:1      | Found a faded altar of an unknown god.
  1219 | D:2      | Reached XP level 3. HP: 32/33 MP: 2/2
  1618 | D:2      | Reached skill level 1 in Throwing
  1703 | D:2      | Found Keujuane's Armour Shoppe.
  1919 | D:2      | Reached XP level 4. HP: 30/40 MP: 3/3
  2662 | D:3      | Found a radiant altar of Vehumet.
  3289 | D:3      | Identified the +5 hand axe of Fedhas's Displeasure {vamp,
                  | Str-5 Dex+5}
  3341 | D:4      | Noticed a necrophage
  3885 | D:4      | Killed a necrophage
  3886 | D:4      | Reached XP level 5. HP: 43/47 MP: 4/4
  3942 | D:4      | Noticed a sky beast
  3958 | D:4      | Killed a sky beast
  3959 | D:4      | Reached skill level 5 in Axes
  3959 | D:4      | Reached skill level 5 in Armour
  3959 | D:4      | Reached XP level 6. HP: 53/53 MP: 5/5
  4008 | D:4      | Found a staircase to the Ecumenical Temple.
  4082 | D:4      | Slain by an ogre

Illustrated notes

Levels and vault maps discovered:
D:1:      shiori_arrival_oz, layout_basic, hellmonk_ecumenical_altar_run_dry
D:2:      layout_basic, serial_shops, shop_fountains
D:3:      layout_basic, mainiacjoe_overflow_small_starburst, minmay_circle_x
D:4:      layout_rooms, minmay_temple_entry_wispy

Skill      XL: |  1  2  3  4  5 |
---------------+----------------+-----
Armour         | 4 5 |  5.4
Fighting       | 4 |  4.8
Axes           | 3 4 5 |  5.1
Shields        | 4 |  4.2
Throwing       | 1 |  1.6
Dodging        | |  0.7
Stealth        | |  0.2

Action                   |  1- 3 |  4- 6 || total
-------------------------+-------+-------++-------
Melee: War axe           |    56 |    35 ||    91
       Headbutt          |     5 |    12 ||    17
       Hand axe          |       |    39 ||    39
Throw: Dart              |    14 |       ||    14
  Use: Potion            |     2 |       ||     2
       Scroll            |       |     8 ||     8
Armor: Scale mail        |     6 |       ||     6
       Ring mail         |     9 |     5 ||    14
       Chain mail        |       |    30 ||    30
Dodge: Dodged            |    31 |    16 ||    47
Block: Buckler           |    10 |    19 ||    29
